[Event "Live Chess"]
[Site "Chess.com"]
[Date "2023.05.21"]
[Round "-"]
[White "Driftboard"]
[Black "McSlash1"]
[Result "0-1"]
[WhiteElo "861"]
[BlackElo "2017"]
[TimeControl "300"]
[EndTime "3:48:17 PDT"]
[Termination "McSlash1 won by checkmate"]

1. e4 c5 2. Nf3 d6 3. Nc3 Nf6 4. Bc4 Nc6 5. O-O g6 6. h3 Bg7 7. d3 O-O 8. Bg5 Nd7 9. Nd5 h6 10.
Be3 Nde5 11. Nxe5 Nxe5 12. Bb3 e6 13. Nf4 Bd7 14. d4 cxd4 15. Bxd4 Rc8 16. c3 Qe7 17. Be3 Rfd8 18. Ne2 Bc6 19. f3 a6 20. Bd4 a5 21. Bxe5 Bxe5 22. Qc2 b5 23. f4 Bg7 24. a4 b4 25. cxb4 axb4 26. f5 Bxa4 27. Rxa4 Rxc2 28. Bxc2 exf5 29. exf5 Qxe2 30. Rf2 Bd4 31. Kh2 Qxf2 32. Be4 Be5+ 33. Kh1 Qf1# 0-1

[Event "Live Chess"]
[Site "Chess.com"]
[Date "2023.05.21"]
[Round "-"]
[White "Mugzwang"]
[Black "Dhaydon19"]
[Result "0-1"]
[WhiteElo "1566"]
[BlackElo "2697"]
[TimeControl "300"]
[EndTime "3:48:34 PDT"]
[Termination "Dhaydon19 won by resignation"]

1. Nf3 c6 2. g3 d5 3. Bg2 Nf6 4.
d4 g6 5. O-O Bg7 6. c3 O-O 7.
Bg5 Nbd7 8. Qd2 Re8 9. Bh6 Bh8 10. h3 e5 11. dxe5 Ne4 12. Qc2 Nxe5 13. Nxe5 Rxe5 14. Nd2 Nxd2 15. Qxd2 Bf6 16. Bf4 Re8 17. Rfe1 Bf5 18. Kh2 h5 19. h4 Qb6 20. Rab1 Qxf2 21. e4 Qxd2 22. Bxd2 dxe4 23. Be3 b6 24. Rbd1 Rad8 25. Bh3 Bxh3 26. Kxh3 Rd3 27. Rxd3 exd3 28. Rd1 Rxe3 0-1

[Event "Live Chess"]
[Site "Chess.com"]
[Date "2023.05.21"]
[Round "-"]
[White "mammamiatwo"]
[Black "ItsNot_Jasper"]
[Result "0-1"]
[WhiteElo "1371"]
[BlackElo "1383"]
[TimeControl "300"]
[EndTime "3:48:43 PDT"]
[Termination "ItsNot_Jasper won by resignation"]

1. e4 c6 2. Qf3 d5 3. exd5 cxd5 4. c4 dxc4 5. Bxc4 Nf6 6. h3 e6 7. d3 Nc6 8. Bb3 Bb4+ 9. Bd2 Bxd2+ 10. Nxd2 Nd4 11.
Qg3 O-O 12. Ngf3 Nxb3 13. Nxb3 Bd7 14. O-O Bc6 15. Rad1 Nh5 16. Qg4 Nf6 17. Qf4 Rc8 18. Ne5 Qc7 19. Rfe1 Nd7 20. Qg3 Nxe5 21. Qxe5 Qxe5 22. Rxe5 Bd5 23. Ree1 Bxb3 24. axb3 Rc2 25. Rb1 Rfc8 26. Re4 a6 27. Rc4 b5 28. Rxc8+ Rxc8 29. f3 Rc2 30. Kf1 Kf8 31. Ke1 Rxg2 32. Ra1 Rxb2 33. Rxa6 Rxb3 34. Rd6 Ke7 35. Rd4 Rb1+ 36. Ke2 b4 37. Rh4 b3 38. Rxh7 b2 39. Rxg7 Ra1 0-1

[Event "Live Chess"]
[Site "Chess.com"]
[Date "2023.05.21"]
[Round "-"]
[White "ameetghasi100"]
[Black "JoeRoot66"]
[Result "1-0"]
[WhiteElo "2618"]
[BlackElo "1918"]
[TimeControl "300"]
[EndTime "3:48:50 PDT"]
[Termination "ameetghasi100 won by resignation"]

1. d4 d5 2. c4 e6 3. Nc3 Nf6 4. Nf3 Nbd7 5. h4 h6 6. Qc2 Be7 7. Bf4 c6 8. e3 O-O 9. g4 dxc4 10.
g5 Nd5 11. gxh6 Nxf4 12. exf4 gxh6 13. O-O-O b5 14. Ng5 Bxg5 15. hxg5 Qc7 16. Ne2 f5 17. Rxh6 c5 18. Rxe6 Bb7 19. d5 Nb6 20. Bg2 Rad8 21.
d6 Qc8 22. Rg6+ Kh7 23. Bxb7 Qxb7 24. Rh6+ Kg7 25. Ng3 Qd7 26. Qc3+ Kg8 27. Qh8+ Kf7 28. Rf6+ Ke8 29. Re1+ 1-0

[Event "Live Chess"]
[Site "Chess.com"]
[Date "2023.05.21"]
[Round "-"]
[White "KeithArkell"]
[Black "f4nomore"]
[Result "1-0"]
[WhiteElo "2500"]
[BlackElo "1416"]
[TimeControl "300"]
[EndTime "3:48:53 PDT"]
[Termination "KeithArkell won by resignation"]

1. d4 g6 2. Nf3 Bg7 3. c4 d6 4. Nc3 Nf6 5. g3 O-O 6. Bg2 Nc6 7. O-O Bd7 8. h3 e5 9. dxe5 Nxe5 10.
Nxe5 dxe5 11. Bg5 Bc6 12. Bxc6 bxc6 13. Qxd8 Raxd8 14. Bxf6 Bxf6 15. Rad1 Rb8 16. b3 Rfe8 17. Rd7 e4 18. Na4 e3 19. f4 Rb7 20. Rfd1 Kg7 21. Kg2 Re6 22. Nc5 Rd6 23. R1xd6 cxd6 24. Nxb7 1-0

[Event "Live Chess"]
[Site "Chess.com"]
[Date "2023.05.21"]
[Round "-"]
[White "WombatIn_A_Box"]
[Black "HadesLearmonth"]
[Result "0-1"]
[WhiteElo "570"]
[BlackElo "1184"]
[TimeControl "300"]
[EndTime "3:48:54 PDT"]
[Termination "HadesLearmonth won by checkmate"]

1. d4 d5 2. Qd3 Nf6 3. Qb5+ Bd7 4. Qd3 e6 5. f3 Nc6 6. e4 Nb4 7. Qb3 Be7 8. a3 Nc6 9. exd5 exd5 10. c4 dxc4 11.
Qxc4 O-O 12. Be2 Be6 13. Qd3 b5 14. Nc3 Bc4 15. Qe3 Bxe2 16. Qxe2 Re8 17. Be3 Bd6 18. Nh3 Qb8 19. O-O b4 20. axb4 Qxb4 21. Ra4 Qb6 22. Nf4 Bxf4 23. Bxf4 Rxe2 24. Nxe2 Qxb2 25. d5 Qxe2 26.
Re4 Nxe4 27. fxe4 Nd4 28. Bg3 Re8 29. Rf2 Qxe4 30. d6 Qe1+ 31. Rf1 Qc3 32. Bf2 cxd6 33. g3 Nf3+ 34. Kg2 Re6 35. h4 h6 36. Kh3 Qe5 37. Bxa7 Qf5+ 38. Kg2 Nxh4+ 39. Kh2 Qxf1 40. gxh4 Re2+ 41.
Kg3 Qg2+ 42. Kf4 Re4+ 43. Kf5 Qg6# 0-1

[Event "Live Chess"]
[Site "Chess.com"]
[Date "2023.05.21"]
[Round "-"]
[White "Doge_Dandolo"]
[Black "JoRoSaR"]
[Result "0-1"]
[WhiteElo "1862"]
[BlackElo "1699"]
[TimeControl "300"]
[EndTime "3:49:05 PDT"]
[Termination "JoRoSaR won by checkmate"]

1. Nf3 f5 2. d3 e6 3. e4 fxe4 4. dxe4 Nf6 5. Nc3 Bb4 6. Bd3 O-O 7. O-O b6 8. Bd2 Bb7 9. Re1 d6 10. a3 Bxc3 11. Bxc3 Nbd7 12. Qd2 e5 13. Qe2 Qe8 14. Bd2 Qh5 15. h3 Nc5 16. Rac1 Nxd3 17. cxd3 c5 18.
Be3 Bc8 19. Nd2 Qg6 20. Kh2 Nh5 21. Nc4 Nf4 22. Bxf4 Rxf4 23. Ne3 Be6 24. b4 Raf8 25. f3 Rh4 26. Rg1 Qh6 27. Nf5 Bxf5 28. exf5 Rxf5 29. bxc5 bxc5 30. Rc4 Rff4 31. Rb1 Rxc4 32. dxc4 Qe6 33.
Rb8+ Kf7 34. Rb7+ Kf6 35. Qf2 Rxc4 36. Qg3 g6 37. Rxh7 a5 38. Rh6 Qf5 39. h4 Ra4 40. h5 Rxa3 41. Rxg6+ Ke7 42. Rg7+ Ke6 43. Rg6+ Kd5 44.
h6 Ra4 45. Rg5 Qf6 46. Rh5 c4 47. f4 c3 48. fxe5 dxe5 49. Qd3+ Rd4 50. Qxc3 Rh4+ 51. Rxh4 Qxh4+ 52. Qh3 Qf4+ 53. Qg3 Qxh6+ 54. Qh3 Qxh3+ 55.
Kxh3 a4 56. g4 a3 57. g5 a2 58. g6 a1=Q 59. g7 Qa8 60. g8=Q+ Qxg8 61. Kh4 e4 62.
Kh5 e3 63. Kh6 e2 64. Kh5 e1=R 65. Kh4 Rh1# 0-1

[Event "Live Chess"]
[Site "Chess.com"]
[Date "2023.05.21"]
[Round "-"]
[White "RoaringKnights"]
[Black "Missedidea"]
[Result "0-1"]
[WhiteElo "1074"]
[BlackElo "1836"]
[TimeControl "300"]
[EndTime "3:49:28 PDT"]
[Termination "Missedidea won by checkmate"]

1. e4 c5 2. Nf3 d6 3. Bc4 e6 4. e5 d5 5. Bb5+ Bd7 6. Bxd7+ Nxd7 7. d4 cxd4 8. Nxd4 Nxe5 9. Qe2 Bd6 10. Nf3 Nc6 11. Bg5 Nf6 12. Nc3 h6 13. Bh4 g5 14.
Bg3 g4 15. Nd2 d4 16. Nce4 Be7 17. Nxf6+ Bxf6 18. O-O-O h5 19. f3 Qa5 20. a3 O-O-O 21. Qc4 Rd5 22. Nb3 Qb6 23. Rhe1 Rhd8 24. Qd3 a5 25. Qh7 a4 26. Na1 d3 27. Qxf7 Qxb2+ 28. Kd2 dxc2+ 29. Ke2 cxd1=Q+ 30. Kf1 Qxe1+ 31. Bxe1 Bd4 32. g3 Qb5+ 33. Kg2 Qe2+ 34. Kh1 Qxf3+ 35. Qxf3 gxf3 36. Nc2 Ba7 37. Bc3 Rd1+ 38. Ne1 f2 39. Kg2 fxe1=Q 40. Bxe1 Rxe1 41. Kh3 Bg1 42. Kh4 Rd5 43. h3 Re4+ 44. g4 Bf2# 0-1

[Event "Live Chess"]
[Site "Chess.com"]
[Date "2023.05.21"]
[Round "-"]
[White "Woodpusher500"]
[Black "EdenHazard8"]
[Result "0-1"]
[WhiteElo "1031"]
[BlackElo "1950"]
[TimeControl "300"]
[EndTime "3:49:30 PDT"]
[Termination "EdenHazard8 won by resignation"]

1. e4 c6 2. Nf3 d5 3. Nc3 dxe4 4.
Nxe4 Nf6 5. Nxf6+ exf6 6. Qe2+ Be7 7. g3 O-O 8. Bg2 Re8 9. d3 Bb4+ 10. c3 Rxe2+ 11.
Kxe2 Qe7+ 12. Kd2 Bc5 13. Re1 Qd8 14. d4 Bb6 15. a4 Be6 16. a5 Bc7 17. Kc2 Bf5+ 18.
Kb3 Be4 19. Rxe4 Qd5+ 20. Ka3 Qxe4 21. Be3 Bd6+ 22. Ka2 Na6 23. b4 Qd5+ 24. Kb2 Re8 25. Nh4 Qc4 26. Re1 Nxb4 27. cxb4 Qxb4+ 28. Kc2 Qxe1 0-1

[Event "Live Chess"]
[Site "Chess.com"]
[Date "2023.05.21"]
[Round "-"]
[White "Bunny55"]
[Black "domrobson"]
[Result "1-0"]
[WhiteElo "994"]
[BlackElo "1698"]
[TimeControl "300"]
[EndTime "3:49:39 PDT"]
[Termination "Bunny55 won by resignation"]

1. e4 e5 2. Nf3 Nc6 3. Bb5 a6 4.
Ba4 Nf6 5. d3 d6 6. h3 b5 7. Bb3 Na5 8. O-O Nxb3 9. axb3 Be7 10. c3 Bb7 11. Re1 c5 12. Nbd2 O-O 13. Nf1 h6 14.
Ng3 Nh7 15. Nf5 Bg5 16. Be3 Bc8 17. Bxg5 hxg5 18. Qd2 Bxf5 19. exf5 f6 20. Nh2 Qd7 21. g4 Rfe8 22. d4 exd4 23. Rxe8+ Qxe8 24. Re1 Qf7 25. cxd4 Qxb3 26. dxc5 dxc5 27. Re7 c4 28. Qd7 1-0

[Event "Live Chess"]
[Site "Chess.com"]
[Date "2023.05.21"]
[Round "-"]
[White "peter-785"]
[Black "Davidagye"]
[Result "0-1"]
[WhiteElo "1189"]
[BlackElo "1685"]
[TimeControl "300"]
[EndTime "3:49:52 PDT"]
[Termination "Davidagye won by resignation"]

1. e4 e5 2. Nf3 Nc6 3. Bc4 Nf6 4. Nc3 Nxe4 5. Nxe4 d5 6. Bxd5 Qxd5 7. Nc3 Qd8 8. O-O Bg4 9. Qe1 Bxf3 10. gxf3 Bc5 11. Qe4 O-O 12. Ne2 f5 13. Qc4+ Kh8 14. d3 Bb6 15.
Ng3 f4 16. Ne4 Qh4 17. d4 Nxd4 18. Qd3 Qh3 19. Bd2 Nxf3+ 0-1

[Event "Live Chess"]
[Site "Chess.com"]
[Date "2023.05.21"]
[Round "-"]
[White "DoYouLikeCurry"]
[Black "SmoothBaron"]
[Result "0-1"]
[WhiteElo "1400"]
[BlackElo "2358"]
[TimeControl "300"]
[EndTime "3:49:57 PDT"]
[Termination "SmoothBaron won by resignation"]

1. e4 e5 2. Nc3 Nc6 3. Bc4 Bc5 4.
Qg4 g6 5. Nd5 d6 6. Qf3 Nd4 7.
Qd3 c6 8. Ne3 Be6 9. Bxe6 Nxe6 10. Nf3 Nf4 11. Qb3 Nf6 12. Ng5 Qd7 13. d3 Bxe3 14.
Bxe3 Nxg2+ 15. Ke2 h6 16. Nf3 Nh5 17. Kd2 O-O-O 18.
a4 Kb8 19. a5 c5 20. Qc4 Qg4 21.
Ne1 Ngf4 22. Bxf4 Nxf4 23. f3 Qe6 24. Qxe6 Nxe6 25. Ng2 Nd4 26. Rhf1 g5 27. c3 Nb3+ 28. Kc2 Nxa1+ 29. Rxa1 Rdg8 30. Ne3 h5 31. Nd5 g4 32.
fxg4 hxg4 33. Rh1 0-1

[Event "Live Chess"]
[Site "Chess.com"]
[Date "2023.05.21"]
[Round "-"]
[White "hturner40"]
[Black "garyjc"]
[Result "1-0"]
[WhiteElo "1800"]
[BlackElo "1045"]
[TimeControl "300"]
[EndTime "3:50:08 PDT"]
[Termination "hturner40 won by resignation"]

1. Nf3 Nf6 2. g3 g6 3. Bg2 Bg7 4. O-O O-O 5. d4 d6 6. c4 Na6 7. Nc3 c5 8. e3 cxd4 9. exd4 b6 10. Ne5 Rb8 11. Nc6 Qd7 12. Nxb8 Nxb8 13. Be3 Ng4 14. Qa4 Nxe3 15. Qxd7 Nxd7 16. fxe3 Nf6 17. Nd5 Re8 18.
Nxf6+ Bxf6 19. Bd5 Bh3 20. Rf2 e6 21. Bg2 Bxg2 22. Kxg2 Bg7 23. Raf1 Re7 24. b4 d5 25.
c5 bxc5 26. bxc5 a5 27. Rb1 Bh6 28. Rb8+ Kg7 29. Kf3 e5 30. Re2 exd4 31. exd4 Rxe2 32. Kxe2 f5 33. c6 1-0

[Event "Live Chess"]
[Site "Chess.com"]
[Date "2023.05.21"]
[Round "-"]
[White "YrrriKharkiv"]
[Black "Tilbs_12"]
[Result "1-0"]
[WhiteElo "2064"]
[BlackElo "1582"]
[TimeControl "300"]
[EndTime "3:50:20 PDT"]
[Termination "YrrriKharkiv won by checkmate"]

1. d4 d5 2. c4 c6 3. Nc3 Nf6 4. Bg5 dxc4 5. a4 Be6 6. e4 g6 7. Bxf6 exf6 8. d5 cxd5 9. exd5 Bf5 10. Bxc4 Bc5 11. Nf3 O-O 12. O-O a6 13. Qd2 Nd7 14. Rfe1 Re8 15. Nd4 Bxd4 16. Qxd4 Rxe1+ 17. Rxe1 Ne5 18. Bf1 Qd6 19. h3 Rd8 20. Be2 Be6 21. f4 Nc6 22. Qb6 Bxd5 23. Rd1 Ne7 24. Qxd6 Rxd6 25. Bf3 Rb6 26.
Nxd5 Nxd5 27. Rxd5 Rxb2 28. Rd7 b5 29. axb5 axb5 30.
Rb7 b4 31. Bd5 f5 32. Bxf7+ Kh8 33. Kh2 Kg7 34. Kg3 Kf6 35. Bg8 h6 36. h4 g5 37.
hxg5+ hxg5 38. Rf7+ Kg6 39. fxg5 Kxg5 40. Rb7 Rb1 41.
Rb5 Kg6 42. Bd5 Kg5 43. Bf3 b3 44. Be4 Rb2 45. Rxf5+ Kh6 46. Rb5 Kg7 47. Bf3 Kf6 48. Kf4 Kg6 49. Rb6+ Kf7 50. g4 Kg7 51. g5 Kf7 52.
Kf5 Rf2 53. Rxb3 Rxf3+ 54. Rxf3 Kg7 55. Kg4 Kg6 56. Rf6+ Kg7 57. Kf5 Kg8 58. g6 Kg7 59.
Re6 Kf8 60. Kf6 Kg8 61. Re8# 1-0

[Event "Live Chess"]
[Site "Chess.com"]
[Date "2023.05.21"]
[Round "-"]
[White "defenderalist"]
[Black "Berdgross"]
[Result "1-0"]
[WhiteElo "1639"]
[BlackElo "667"]
[TimeControl "300"]
[EndTime "3:50:34 PDT"]
[Termination "defenderalist won by resignation"]

1. e4 e5 2. Nf3 d6 3. h3 Nf6 4. Nc3 Nc6 5. Bc4 Nd4 6. Nxd4 exd4 7. Nd5 Nxd5 8. Bxd5 Be6 9. Bxb7 Rb8 10. Bc6+ Bd7 11. Bxd7+ Qxd7 12. O-O Be7 13. d3 O-O 14. f4 d5 15. e5 f6 16. b3 f5 17. a4 c5 18.
Ba3 c4 19. Bxe7 Qxe7 20. dxc4 dxc4 21. Qxd4 cxb3 22. cxb3 Rxb3 23. Qc4+ Qf7 24. e6 1-0

[Event "Live Chess"]
[Site "Chess.com"]
[Date "2023.05.21"]
[Round "-"]
[White "Chesscoach_Golichenko"]
[Black "LiamBellwood"]
[Result "1-0"]
[WhiteElo "2618"]
[BlackElo "1934"]
[TimeControl "300"]
[EndTime "3:50:51 PDT"]
[Termination "Chesscoach_Golichenko won by resignation"]

1. d4 e6 2. c4 f5 3. g3 Nf6 4.
Bg2 Be7 5. Nf3 O-O 6. O-O d6 7. Nc3 a5 8. b3 Ne4 9. Bb2 Nxc3 10. Bxc3 Qe8 11. Nd2 Qh5 12. e4 Qxd1 13. Raxd1 f4 14. e5 Nc6 15. Rfe1 dxe5 16. dxe5 fxg3 17. hxg3 Bc5 18.
Ne4 Bb6 19. c5 Ba7 20. f4 Rd8 21. Kh2 h6 22. a3 Bd7 23. Bh3 Kf7 24. b4 axb4 25.
axb4 b6 26. b5 Ne7 27. c6 Be8 28. Rxd8 Rxd8 29. Ra1 Ra8 30. g4 Nd5 31. Bd2 Ke7 32. f5 exf5 33. gxf5 Bh5 34. Rg1 Kf8 35. f6 gxf6 36.
exf6 Bf3 37. Bxh6+ Kf7 38. Rg7+ Ke8 1-0

[Event "Live Chess"]
[Site "Chess.com"]
[Date "2023.05.21"]
[Round "-"]
[White "EdenHazard8"]
[Black "Doge_Dandolo"]
[Result "0-1"]
[WhiteElo "1940"]
[BlackElo "1872"]
[TimeControl "300"]
[EndTime "3:51:16 PDT"]
[Termination "Doge_Dandolo won by resignation"]

1. e4 c6 2. d4 d5 3. e5 Bf5 4. h4 h5 5. Bd3 Bxd3 6. Qxd3 Qa5+ 7. Nd2 e6 8. Nf3 Nd7 9. O-O Ne7 10. a3 c5 11. b4 cxb4 12. axb4 Qxa1 13. Ba3 Qa2 14. Nb3 Rc8 15. c3 Nf5 16. Ra1 Qxb3 0-1

[Event "Live Chess"]
[Site "Chess.com"]
[Date "2023.05.21"]
[Round "-"]
[White "raminguy"]
[Black "JanMur7"]
[Result "1-0"]
[WhiteElo "1977"]
[BlackElo "1978"]
[TimeControl "300"]
[EndTime "3:51:17 PDT"]
[Termination "raminguy won by checkmate"]

1. d3 d5 2. e4 dxe4 3. Nc3 exd3 4. Bxd3 Nf6 5. Nge2 Nc6 6. O-O e6 7. Bg5 Be7 8. Qe1 h6 9. Bf4 Bd6 10. Be3 O-O 11. Rd1 Ne5 12. Bb5 a6 13. Ba4 b5 14.
Bb3 Bb7 15. Bf4 Nfg4 16. h3 Qh4 17. hxg4 Nxg4 18. Rxd6 cxd6 19. Bxd6 Rad8 20. Bg3 Qh5 21. Nf4 Qg5 22. Ne4 Bxe4 23. Qxe4 h5 24. c3 h4 25. Nh3 Qh5 26. Bh2 Nxh2 27. Kxh2 Rd2 28. Re1 Rxb2 29.
Qd4 Qh6 30. Re4 Qd2 31. Rxh4 Qxd4 32. Rxd4 Rc8 33. Rd6 a5 34. Rb6 a4 35. Bxa4 Rxa2 36. Bxb5 Rxc3 37. Rb8+ Kh7 38. Rb7 Kg6 39. Be8 e5 40.
Bxf7+ Kh6 41. Bxa2 Rc1 42. Rb5 Rc6 43. Bd5 Rf6 44.
Be4 Rd6 45. Rxe5 g6 46. Bd5 Rf6 47. Re6 Rf5 48. Be4 Ra5 49. Rxg6+ Kh7 50. Ra6+ Kh8 51. Rxa5 Kg7 52. Ra7+ Kf8 53. g3 Kg8 54. Kg2 Kf8 55. Kf3 Kg8 56. Kg4 Kf8 57. Kf5 Ke8 58. Ke6 Kd8 59. Kd6 Kc8 60. Rg7 Kb8 61. Kc6 Kc8 62. Rg8# 1-0

[Event "Live Chess"]
[Site "Chess.com"]
[Date "2023.05.21"]
[Round "-"]
[White "Abde2012"]
[Black "sup3rm0nk3y"]
[Result "0-1"]
[WhiteElo "751"]
[BlackElo "1320"]
[TimeControl "300"]
[EndTime "3:51:30 PDT"]
[Termination "sup3rm0nk3y won by resignation"]

1. d4 d5 2. c4 dxc4 3. e3 Be6 4. b3 cxb3 5. axb3 Nc6 6. Bc4 Bxc4 7. bxc4 Qd7 8. d5 Ne5 9. Bb2 Nxc4 10. Bc3 O-O-O 11.
e4 f5 12. exf5 Qxd5 13. Qxd5 Rxd5 14. Na3 Nxa3 15. Rxa3 Rxf5 16. Rxa7 Kb8 17. Bd4 e5 18. Be3 Bb4+ 19. Ke2 Nf6 20. Nf3 Nd5 21. Ra4 Nxe3 22.
Rxb4 Nc2 23. Rg4 g6 24. Rc1 Nd4+ 25. Nxd4 exd4 26. Rxd4 Re8+ 27. Kf1 Ra5 28. Rdd1 Ra2 29. Ra1 Rxa1 30. Rxa1 b5 31. Rb1 c6 32. Rc1 Kc7 33. g4 Kb6 34. f4 c5 35. h4 b4 36. Rc4 Kb5 37. Rc1 c4 38. h5 gxh5 39. gxh5 Rf8 40.
Kg2 Rxf4 41. Kg3 Rd4 42. Kf3 b3 43. Ke3 Rh4 44. Rb1 Rxh5 45. Kd4 Rh4+ 46. Kc3 Rh3+ 47. Kd4 Kb4 48. Rc1 c3 49. Ke4 b2 50. Rb1 Kb3 0-1

[Event "Live Chess"]
[Site "Chess.com"]
[Date "2023.05.21"]
[Round "-"]
[White "Tiltador"]
[Black "MJMykh"]
[Result "1-0"]
[WhiteElo "907"]
[BlackElo "1125"]
[TimeControl "300"]
[EndTime "3:51:47 PDT"]
[Termination "Tiltador won by checkmate"]

1. e4 e5 2. Nf3 Nc6 3. d3 Nf6 4. Be2 Bc5 5. O-O Ng4 6. Be3 Bxe3 7. h3 Nxf2 8. Rxf2 Bxf2+ 9. Kxf2 O-O 10. g4 d6 11. Kg3 Qf6 12. Nc3 Qf4+ 13. Kg2 Nd4 14. Nxd4 exd4 15. Nd5 Qf2+ 16. Kxf2 c6 17. Ne7+ Kh8 18.
Nf5 Bxf5 19. exf5 Rfe8 20. Kg3 Re3+ 21. Bf3 h6 22. h4 Kh7 23. h5 g6 24. hxg6+ fxg6 25. fxg6+ Kxg6 26. Qd2 Rf8 27. Rf1 c5 28. c3 b5 29. cxd4 cxd4 30. Qb4 Rf6 31. Qxb5 Kg7 32. Qd7+ Kg6 33. Qxa7 Rxd3 34. Qb8 Re6 35. Qg8+ Kf6 36. Qh8+ Kg6 37. Qg8+ Kf6 38. g5+ hxg5 39. Qh8+ Kf5 40. Qh7+ Rg6 41. Qf7+ Rf6 42. Qd5+ Kg6 43. Qe4+ Rf5 44.
Qxd3 Kf6 45. Qxd4+ Kg6 46. Qxd6+ Kg7 47. Qe7+ Kg6 48. b4 Rb5 49. Be4+ Kh5 50. Qe8+ Kh6 51. Qxb5 Kg7 52. Qf5 Kh6 53. Qg6# 1-0

[Event "Live Chess"]
[Site "Chess.com"]
[Date "2023.05.21"]
[Round "-"]
[White "SupremeTactician"]
[Black "Tushinskiy"]
[Result "1-0"]
[WhiteElo "2216"]
[BlackElo "2188"]
[TimeControl "300"]
[EndTime "3:51:53 PDT"]
[Termination "SupremeTactician won by resignation"]

1. e4 e5 2. Nf3 d6 3. Nc3 Bg4 4. Be2 Nd7 5. d4 Ngf6 6. dxe5 dxe5 7. Bg5 c6 8. h3 Bh5 9. g4 Bg6 10.
Bd3 Bb4 11. Qe2 Qa5 12. Bd2 Nc5 13. Nxe5 O-O-O 14. Nc4 Qc7 15. O-O-O Rhe8 16. f3 Nxd3+ 17. cxd3 b5 18. Ne3 Qa5 19. Kb1 Bxc3 20. Bxc3 b4 21. Bxf6 gxf6 22. Nc4 Qb5 23. Qe3 Kb7 24. Qf4 Re6 25. b3 a5 26. Rc1 Rxd3 27. Rhd1 Rxd1 28. Rxd1 Qc5 29. Rd7+ Ka6 30. Qb8 Qg1+ 31. Kc2 Qf2+ 32. Kc1 Qe1+ 33. Kc2 Qc3+ 34. Kb1 Qe1+ 35. Kb2 Qc3+ 36.
Kb1 Qe1+ 37. Kc2 Qc3+ 38. Kd1 Qxf3+ 39. Kc1 Qf1+ 40. Kb2 Qf2+ 41. Nd2 Qb6 42. Qa8+ Kb5 43. Rb7 Bxe4 44. Rxb6+ Kxb6 45. Qb8+ Kc5 46. Qa7+ Kb5 47. Qb7+ Kc5 48. Qa6 Bd5 49. Qxa5+ Kd4 50. Qxb4+ Kd3 51.
Qc3+ Ke2 52. Nc4 Re4 53. Qd2+ Kf3 54. Qd3+ Kf4 55. a4 1-0

[Event "Live Chess"]
[Site "Chess.com"]
[Date "2023.05.21"]
[Round "-"]
[White "f4nomore"]
[Black "HadesLearmonth"]
[Result "0-1"]
[WhiteElo "1403"]
[BlackElo "1197"]
[TimeControl "300"]
[EndTime "3:52:03 PDT"]
[Termination "HadesLearmonth won by checkmate"]

1. b3 e5 2. Bb2 Nc6 3. e3 d5 4. Nc3 Nf6 5. Nge2 Bb4 6. g3 O-O 7. Bg2 d4 8. exd4 exd4 9. Nb5 Ba5 10. Nbxd4 Nxd4 11. Bxd4 Ng4 12. O-O Bd7 13. Bxb7 Rb8 14. Bg2 Bb5 15. c4 Bd7 16. Nc3 Bxc3 17. Bxc3 Qg5 18. f4 Qh6 19. d4 Qxh2# 0-1

[Event "Live Chess"]
[Site "Chess.com"]
[Date "2023.05.21"]
[Round "-"]
[White "AttackingSnowLeopard"]
[Black "WilliamofOrange16th"]
[Result "1-0"]
[WhiteElo "2159"]
[BlackElo "1879"]
[TimeControl "300"]
[EndTime "3:52:07 PDT"]
[Termination "AttackingSnowLeopard won by resignation"]

1. d4 d5 2. c4 c6 3. Nf3 Nf6 4. e3 a6 5. b3 Bf5 6. Bd3 Bxd3 7. Qxd3 e6 8. Nc3 Bd6 9. Bb2 O-O 10. O-O Nbd7 11.
e4 dxe4 12. Nxe4 Nxe4 13. Qxe4 Nf6 14. Qh4 Be7 15. Qg3 Kh8 16. Ne5 Ne4 17. Qe3 Nf6 18. Rad1 Nd7 19. f4 Bf6 20. Qe4 Qc7 21. Kh1 g6 22. d5 exd5 23. cxd5 cxd5 24. Qxd5 Nxe5 25. fxe5 Bg7 26. Rc1 Qe7 27. Bd4 Qe6 28. Qxe6 fxe6 29.
Rxf8+ Rxf8 30. g3 Rd8 31. Bb6 Re8 32. Rc7 Bxe5 33. Rxb7 Bc3 34. Kg2 e5 35. Kf3 e4+ 36.
Ke2 Re6 37. Rc7 Rxb6 38. Rxc3 Kg7 39. Ke3 Rd6 40. Rc2 Re6 41. Re2 Kf6 42. Kf4 g5+ 43. Ke3 Ke5 44. Rc2 Rd6 45. Rc5+ Rd5 46. Rxd5+ Kxd5 47. g4 h6 48. h3 a5 49. a3 Ke5 50. b4 axb4 51. axb4 Kd5 52. b5 Kc5 53. Kxe4 Kxb5 54. Kf5 Kc5 55. Kg6 Kd5 56. Kxh6 1-0

[Event "Live Chess"]
[Site "Chess.com"]
[Date "2023.05.21"]
[Round "-"]
[White "manthanit"]
[Black "chessleanstrategist"]
[Result "1/2-1/2"]
[WhiteElo "1088"]
[BlackElo "463"]
[TimeControl "300"]
[EndTime "3:52:21 PDT"]
[Termination "Game drawn - timeout vs insufficient material"]

1. e4 d6 2. d4 Nf6 3. Nc3 e5 4. dxe5 dxe5 5. Qxd8+ Kxd8 6. h3 Nc6 7. Nf3 b6 8. Bb5 Bb7 9. Bg5 Be7 10. O-O-O+ Kc8 11. Rhe1 Kb8 12. Bxf6 Bxf6 13. Nd2 a6 14. Be2 a5 15.
Nd5 Nd4 16. Nf3 Nxe2+ 17. Rxe2 Rd8 18. Nxf6 gxf6 19. Red2 Rxd2 20. Rxd2 Ka7 21. Re2 c5 22. Re3 Rd8 23. Nd2 b5 24. c3 c4 25. b3 Rd3 26.
Rxd3 cxd3 27. f3 Kb6 28. Nb1 b4 29. c4 Kc5 30. Kd2 Bc6 31. Ke3 f5 32. Kxd3 fxe4+ 33. fxe4 f6 34. Nd2 h5 35. Nf3 Bd7 36. Nh2 f5 37.
exf5 Bxf5+ 38. Ke3 Bb1 39. g4 hxg4 40. hxg4 Bxa2 41.
Ke4 Kd6 42. Nf3 Bxb3 43. Nxe5 a4 44. g5 a3 45. g6 a2 46. g7 a1=Q 47. g8=Q Qe1+ 48.
Kd3 Qxe5 49. Qd8+ Ke6 50. Qe8+ Kf5 51. Qh5+ Ke6 52. Qe8+ Kf5 53. Qxe5+ Kxe5 54. c5 Kd5 55. c6 Kxc6 56. Kd4 1/2-1/2

[Event "Live Chess"]
[Site "Chess.com"]
[Date "2023.05.21"]
[Round "-"]
[White "enoughtell"]
[Black "TheSmoulderingMaster"]
[Result "1-0"]
[WhiteElo "1122"]
[BlackElo "1653"]
[TimeControl "300"]
[EndTime "3:52:27 PDT"]
[Termination "enoughtell won by resignation"]

1. e4 c5 2. Nf3 d6 3. Bc4 e6 4.
c3 Nc6 5. O-O Nf6 6. Re1 Be7 7. h3 O-O 8. d4 cxd4 9. cxd4 Bd7 10.
a3 Rc8 11. Nc3 Qa5 12. Bd2 Nxd4 13. Nxd4 Rxc4 14. Nd5 Qd8 15. Nxe7+ Qxe7 16. Bc3 e5 17. Nf5 Bxf5 18. exf5 Rfc8 19. Qf3 Rf4 20. Qd3 Qd7 21. Rad1 Rxf5 22. Bxe5 Re8 23. Bxf6 Rxf6 24. Qc3 Rxe1+ 25. Rxe1 h6 26. f3 Qf5 27. Re7 Rg6 28. Rxb7 Qxh3 29. Qc2 Qxf3 30. Rb8+ Kh7 31. Qxg6+ fxg6 32. gxf3 g5 33. Rb7 Kg6 34. Rxa7 Kf5 35. Rd7 Ke6 36. Rxg7 1-0

[Event "Live Chess"]
[Site "Chess.com"]
[Date "2023.05.21"]
[Round "-"]
[White "CeladonFish"]
[Black "Vitalii18a"]
[Result "0-1"]
[WhiteElo "1082"]
[BlackElo "1130"]
[TimeControl "300"]
[EndTime "3:52:38 PDT"]
[Termination "Vitalii18a won by resignation"]

1. d4 d5 2. c4 e6 3. Nc3 Bb4 4. Bf4 dxc4 5. e3 b5 6. a4 Bd7 7.
b3 Bxc3+ 8. Ke2 Bxa1 9. Qxa1 cxb3 10. axb5 Bxb5+ 11. Ke1 Bxf1 12. Kxf1 Qd5 13. Ne2 a5 14. Nc3 Qc4+ 15. Ne2 a4 16. d5 exd5 17. Qxg7 a3 18. Qxh8 Kd7 19. Qxg8 a2 20. Qxf7+ Kc6 21. Qe6+ Kb7 0-1

[Event "Live Chess"]
[Site "Chess.com"]
[Date "2023.05.21"]
[Round "-"]
[White "SmoothBaron"]
[Black "bonniebundle"]
[Result "1-0"]
[WhiteElo "2358"]
[BlackElo "457"]
[TimeControl "300"]
[EndTime "3:52:51 PDT"]
[Termination "SmoothBaron won by resignation"]

1. e4 e5 2. Nc3 Nc6 3. Bc4 Nh6 4. d3 b6 5. Bxh6 gxh6 6. Qh5 Qe7 7. Nd5 Qe6 8. Nxc7+ Ke7 9. Bxe6 dxe6 10. Nxa8 Bb7 11.
Nc7 Kd7 12. Nb5 Ba6 13. Nc3 Rg8 14. Qxf7+ Ne7 15. g3 Rg7 16. Qf3 b5 17. O-O-O b4 18.
Na4 1-0

[Event "Live Chess"]
[Site "Chess.com"]
[Date "2023.05.21"]
[Round "-"]
[White "HoarseyHorsey"]
[Black "chrisbradgate"]
[Result "1-0"]
[WhiteElo "1462"]
[BlackElo "873"]
[TimeControl "300"]
[EndTime "3:52:52 PDT"]
[Termination "HoarseyHorsey won by checkmate"]

1. d4 d5 2. c4 dxc4 3. e4 e6 4. Bxc4 Bb4+ 5. Nc3 Bxc3+ 6. bxc3 Nc6 7. Nf3 h6 8. O-O Bd7 9. d5 exd5 10. exd5 Nce7 11.
d6 cxd6 12. Qxd6 Nf6 13. Re1 O-O 14. Rxe7 Bg4 15. Qxd8 Raxd8 16. Be3 Bxf3 17. gxf3 Rb8 18. Rb1 Rfd8 19. Rxf7 Kh7 20. Rbxb7 Rbc8 21. Bb3 Rxc3 22. Rxg7+ Kh8 23. Rxa7 Rxe3 24. fxe3 Re8 25. e4 Rc8 26. Kg2 Nh5 27. Rh7# 1-0